 Dungeon Crawl Stone Soup version 0.31-a0-667-g39726597b9 (webtiles) character file.

Game seed: 14777429623425767009

76 jlumianski the Trooper (level 4, -3/33 (36) HPs)
             Began as a Demonspawn Fighter on Sept 3, 2023.
             Slain by a wight
             ... wielding a +2 flail
              (13 damage)
             ... on level 3 of the Dungeon.
             The game lasted 00:04:51 (1131 turns).

jlumianski the Trooper (Demonspawn Fighter)         Turns: 1131, Time: 00:04:52

HP:   -3/33 (36)    AC:  9    Str: 19    XL:     4   Next: 12%
MP:   4/4           EV:  7    Int:  9    God:
Gold: 37            SH:  4    Dex: 12    Spells: 3/3 levels left

rFire   . . .        a - +0 war axe
rCold   . . .        c - +0 buckler
rNeg    . . .        j - +0 chain mail
rPois   .            (helmet restricted)
rElec   .            (no cloak)
rCorr   .            (no gloves)
SInv    .            (no boots)
Will    .....        (no amulet) Stlth
                     (no ring)
HPRegen 0.25/turn    (no ring)
MPRegen 0.09/turn

%: no passive effects
@: studying Maces & Flails, drained
A: antennae 1, ignite blood 1
a: no special abilities


You were on level 3 of the Dungeon.
You visited 1 branch of the dungeon, and saw 4 of its levels.

You collected 65 gold pieces.
You spent 28 gold pieces at shops.

Inventory:

Hand Weapons
 a - a +0 war axe (weapon)
Missiles
 g - 4 poisoned darts (quivered)
 i - 10 stones
Armour
 b - a +0 scale mail
 c - a +0 buckler (worn)
 j - a +0 chain mail (worn)
Magical Staves
 e - a staff of poison
Talismans
 h - a beast talisman
Scrolls
 k - a scroll of enchant armour {unknown}
Potions
 d - a potion of might
 f - 3 potions of curing


   Skills:
 + Level 3.6 Fighting
 + Level 2.8 Axes
 + Level 3.0 Armour
 + Level 0.4 Dodging
 + Level 0.1 Stealth
 + Level 3.0 Shields


You had 3 spell levels left.
You didn't know any spells.
Your spell library contained the following spells:

 Spells                   Type           Power      Damage    Failure   Level
 Sting                    Tmut/Pois      0%         1d3       99%         1
 Cigotuvi's Dreadful Rot  Necr/Pois/Air  0%         N/A       100%        2
 Anguish                  Hex/Necr       0%         N/A       100%        4
 Dispel Undead            Necr           0%         3d6       100%        4


Dungeon Overview and Level Annotations

Branches:
Dungeon (4/15)
 Temple: D:4-7

Altars:

Shops:
D:1 *   D:3 !


Innate Abilities, Weirdness & Mutations

You have a pair of small antennae on your head.
Your demonic aura sometimes causes spilled blood to erupt in flames.


Message History

There is a stone staircase leading down, spattered with blood here.
Items here: )) ††.
Okay, then.
Unknown command.
Unknown command.
You climb downwards.
A wight comes into view. It is wielding a +2 flail.
The orc barely misses you.
There is a stone staircase leading up, spattered with blood here.
You block the orc's attack.
You climb upwards.
There is a stone staircase leading down, spattered with blood here.
Items here: )) ††.
You slash the orc!
You kill the orc!
You see here a +0 whip.
There is a stone staircase leading down, spattered with blood here.
Items here: )) ††.
You climb downwards.
The wight hits you with a +2 flail. The wight hits you with a +2 flail!
You feel drained.
There is a stone staircase leading up, spattered with blood here.
The wight hits you but does no damage.
You climb upwards.
There is a stone staircase leading down, spattered with blood here.
Items here: )) ††.
You hit the wight but do no damage. The wight hits you with a +2 flail!
You feel drained.
You hit the wight.
The wight is moderately damaged.
You block the wight's attack.
You closely miss the wight.
The wight is moderately damaged.
The wight hits you with a +2 flail. x2
You barely miss the wight.
The wight is moderately damaged.
You block the wight's attack.
You hit the wight.
The wight is severely damaged.
The wight hits you with a +2 flail!
You die...

##.....##.....## .#
##..............###..#
#................#...#
#..............<...#
#.................##
#..................♣
#................[♣.♣
#...[.z..........♣...♣
##....@.........♣..∩..♣
##..)..##.....#.♣...♣.
##############..♣.♣.
...♣. ###


You could see a wight.

Vanquished Creatures
  A gnoll bouda (D:3)
  A gnoll (D:3)
  An adder (D:2)
  2 orcs (D:3)
  4 ball pythons (D:1)
  An endoplasm (D:1)
  A giant cockroach (D:1)
  3 goblins
  2 hobgoblins (D:1)
  A quokka (D:2)
  2 bats (D:1)
  3 frilled lizards
  3 kobolds (D:1)
  3 rats (D:1)
28 creatures vanquished.

Notes
Turn   | Place    | Note
-------+----------+-------------------------------------------
     0 | D:1      | jlumianski the Demonspawn Fighter began the quest for the
                  | Orb.
     0 | D:1      | Reached XP level 1. HP: 18/18 MP: 1/1
   257 | D:1      | Gained mutation: Your demonic aura sometimes causes spilled
                  | blood to erupt in flames. [demonic ancestry]
   257 | D:1      | Reached XP level 2. HP: 24/24 MP: 2/2
   584 | D:1      | Got Follyw's Omnibus of the Infected Undead
   624 | D:1      | Found Dyevammazeos's General Store.
   632 | D:1      | Bought a scroll of identify for 28 gold pieces
   805 | D:2      | Discovered your monstrous ancestry.
   805 | D:2      | Gained mutation: You have a pair of small antennae on your
                  | head. [demonic ancestry]
   805 | D:2      | Reached XP level 3. HP: 7/29 MP: 3/3
   961 | D:3      | Found Taosyiwn's Distillery.
  1044 | D:3      | Reached XP level 4. HP: 21/36 MP: 4/4
  1131 | D:3      | Slain by a wight

Illustrated notes

Levels and vault maps discovered:
D:1:      saegor_arrival_simple_d, layout_basic, serial_shops,
          nicolae_shop_crystal, serial_glass, glass_columns_a, glass_columns_a,
          dk_noncrumbling_3
D:2:      layout_basic
D:3:      layout_rooms, serial_shops, nicolae_diamond_shop, serial_corexii_hall,
          corexii_hall_statues_i, corexii_hall_statues_i
D:4:      dreamdust_elfheim, layout_basic, temple_statues, minmay_diced_spiral,
          uniq_menkaure, uniq_eustachio

Skill      XL: |  1  2  3 |
---------------+----------+-----
Axes           | 2 |  2.8
Shields        | 3 |  3.0
Armour         | 3 |  3.0
Fighting       | |  3.6
Dodging        | |  0.4
Stealth        | |  0.1

Action                     |  1- 3 |  4- 6 || total
---------------------------+-------+-------++-------
  Melee: War axe           |    91 |    11 ||   102
    Use: Scroll            |     1 |       ||     1
 Armour: Scale mail        |    65 |       ||    65
         Chain mail        |     7 |    13 ||    20
  Dodge: Dodged            |    49 |     3 ||    52
  Block: Buckler           |    27 |     3 ||    30

Table legend: (Time is in decaauts)
 A = Elapsed time spent in this place.
 B = Non-inter-level travel time spent in this place.
 C = Inter-level travel time spent in this place.
 D = Time resting spent in this place.
 E = Time spent auto-exploring this place.
 F = Levels seen in this place.
 G = Mean time per level.
                   A        B        C        D        E       F      G
               +--------+--------+--------+--------+--------+-----+--------+
         Total |   1181 |   1181 |      0 |    158 |    472 |   4 |  295.2 |
       Dungeon |   1181 |   1181 |      0 |    158 |    472 |   4 |  295.2 |
               +--------+--------+--------+--------+--------+-----+--------+

Top non-repeatable levels by time:
     D:1: 798 daAuts
     D:2: 187 daAuts
     D:3: 182 daAuts
     D:4: 14 daAuts
